Map: Moonlight Madness LE (Void)

Players

Protosser

  • Race: Protoss Protoss
  • League: Silver

DarthCaesar - Winner!

  • Race: Terran Terran
  • League: Silver

VOD

Have the link to the VOD?

Description

Time

  • Played on: July 16, 2015, 8:21 p.m.
  • Length: 25:29
Show
View Real Time Build Order
Export as new Build Order

Protosser Protoss 

Build Orders:  

Get SALT Encoding   

  12  0:01  Probe  
  13  0:13  Pylon  
  13  0:17  Probe  
  14  0:31  Probe (Chrono Boost)  
  15  0:36  Gateway  
  15  0:42  Probe (Chrono Boost)  
  16  0:46  Assimilator  
  16  0:54  Probe (Chrono Boost)  
  17  1:06  Probe (Chrono Boost)  
  18  1:13  Pylon  
  18  1:15  Probe (Chrono Boost)  
  19  1:23  Probe  
  19  1:24  Cybernetics Core  
  22  1:36  Probe  
  23  1:49  Probe  
  22  1:59  Nexus  
  22  2:01  Warp Gate  
  22  2:02  Probe  
  22  2:06  Adept  
  25  2:14  Probe  
  26  2:22  Pylon  
  26  2:26  Mothership Core (Chrono Boost)  
  28  2:35  Assimilator  
  28  2:43  Probe  
  29  2:58  Probe (Chrono Boost)  
  29  2:59  Gateway  
  29  3:00  Gateway  
  30  3:09  Probe (Chrono Boost)  
  30  3:12  Gateway  
  31  3:13  Gateway  
  31  3:21  Gateway  
  31  3:24  Probe (Chrono Boost)  
  32  3:32  Probe (Chrono Boost)  
  33  3:37  Probe (Chrono Boost)  
  34  3:46  Twilight Council  
  34  3:48  Probe x2  
  36  4:00  Probe x2  
  36  4:02  Pylon  
  38  4:12  Probe x2  
  38  4:16  Pylon  
  40  4:33  Robotics Facility  
  40  4:36  Forge  
  40  4:43  Adept x2  
  44  4:52  Adept x4  
  52  5:06  Adept x2  
  56  5:14  Shield Upgrade (Chrono Boost)  
  56  5:15  Pylon  
  56  5:18  Adept x4  
  60  5:26  Observer  
  60  5:28  Probe x2  
  63  5:40  Adept x3  
  63  5:41  Adept x2  
  73  5:46  Pylon  
  73  5:53  Probe x2  
  75  6:05  Probe  
  75  6:07  Observer  
  73  6:17  Stalker  
  74  6:28  Probe, Immortal  
  74  6:32  Protoss Ground Armor Level 1 (Chrono Boost)  
  79  6:35  Photon Cannon  
  79  6:39  Assimilator  
  79  6:41  Pylon  
  79  6:43  Nexus, Assimilator  
  79  6:59  Probe x2, Pylon  
  79  7:00  Pylon  
  81  7:03  Pylon  
  81  7:05  Stalker  
  83  7:09  Blink (Chrono Boost)  
  83  7:11  Probe  
  84  7:17  Probe  
  84  7:18  Stalker x2  
  84  7:19  Stalker  
  89  7:34  Probe x2  
  91  7:38  Nexus  
  91  7:48  Immortal (Chrono Boost)  
  95  7:54  Probe x2  
  93  8:13  Photon Cannon  
  93  8:14  Photon Cannon  
  93  8:20  Adept  
  93  8:21  Adept x4  
  93  8:22  Stalker  
  105  8:37  Nexus  
  105  8:39  Probe x3  
  108  8:44  Pylon  
  108  8:51  Probe x3  
  94  9:09  Probe x2  
  87  9:10  Probe  
  77  9:21  Probe  
  72  9:25  Probe x2  
  72  9:32  Robotics Facility  
  72  9:33  Probe  
  72  9:37  Probe, Protoss Ground Weapons Level 1 (Chrono Boost)  
  66  9:38  Robotics Facility  
  66  9:43  Immortal, Robotics Bay  
  64  9:51  Probe  
  65  9:57  Assimilator  
  65  9:59  Charge, Assimilator  
  65  10:03  Gateway  
  65  10:05  Gateway  
  65  10:07  Gateway  
  65  10:08  Gateway  
  65  10:14  Gateway  
  65  10:21  Templar Archives  
  65  10:27  Immortal (Chrono Boost)  
  73  10:32  Immortal (Chrono Boost)  
  77  10:36  Immortal (Chrono Boost)  
  77  10:47  Adept x4  
  77  10:48  Adept x2  
  89  10:56  Pylon  
  89  11:01  Immortal (Chrono Boost)  
  93  11:17  Immortal (Chrono Boost)  
  97  11:19  Adept x4  
  97  11:20  Adept x2  
  109  11:27  Probe  
  109  11:28  Probe x3  
  112  11:39  Probe  
  113  11:40  Probe x2  
  113  11:41  Photon Cannon  
  113  11:44  Pylon  
  113  11:45  Pylon  
  115  11:54  Observer  
  115  11:55  Observer  
  115  12:00  High Templar x5  
  127  12:02  Zealot x3  
  127  12:06  Protoss Shields Level 1  
  127  12:08  Archon x2  
  132  12:18  Stalker  
  132  12:19  Stalker  
  136  12:26  Stalker x3  
  138  12:38  Immortal x2  
  138  12:42  Probe x3  
  138  12:43  Probe  
  150  12:52  High Templar  
  150  12:53  Adept  
  150  12:54  Adept x3  
  160  12:58  Archon  
  160  13:12  Pylon  
  160  13:14  Pylon  
  160  13:17  Pylon  
  160  13:18  Observer  
  160  13:19  Pylon  
  149  13:29  Zealot x6  
  149  13:30  Zealot x2  
  151  13:36  Immortal  
  151  13:40  Pylon  
  155  13:48  Stalker x2  
  155  13:49  Stalker x3  
  165  13:56  Pylon  
  165  14:08  Immortal x2  
  173  14:16  Immortal  
  177  14:24  Zealot x2  
  131  14:47  Immortal x2  
  115  14:53  Adept x6  
  115  14:54  Adept  
  115  14:55  Immortal  
  117  15:02  Protoss Ground Weapons Level 2 (Chrono Boost)  
  115  15:24  Zealot, High Templar x2  
  115  15:25  Zealot x5  
  115  15:26  Zealot x2  
  115  15:28  Nexus, Archon  
  135  15:32  Immortal  
  131  15:45  Stalker  
  131  15:46  Stalker x3  
  139  16:00  Pylon  
  139  16:03  Immortal  
  143  16:05  Pylon  
  143  16:08  Stalker x3  
  149  16:14  Assimilator  
  149  16:22  Immortal (Chrono Boost)  
  147  16:27  Immortal (Chrono Boost)  
  147  16:33  Probe  
  147  16:34  Probe x3  
  151  16:43  Assimilator  
  151  16:46  Probe x3  
  153  16:50  Zealot x2  
  161  16:55  Pylon  
  161  16:56  Immortal (Chrono Boost)  
  161  17:07  Zealot x5  
  168  17:25  Zealot x4  
  168  17:26  Zealot x2  
  168  17:27  Zealot  
  137  17:40  Stalker x2  
  137  17:41  Stalker x2  
  125  17:53  Stalker x4  
  119  18:08  Zealot  
  119  18:09  Zealot x3  
  122  18:24  Zealot  
  122  18:25  Zealot x4  
  122  18:55  Stalker x5  
  132  19:12  Probe x3  
  132  19:13  Probe, Assimilator  
  132  19:14  Mothership Core  
  128  19:34  Probe  
  128  19:35  Probe  
  128  19:36  Stalker x3  
  128  19:37  Stalker x4  
  128  19:38  Stalker  
  140  19:47  Immortal  
  140  19:50  High Templar x3  
  149  20:11  Nexus  
  146  20:26  Zealot x2  
  146  20:27  Zealot  
  146  20:28  High Templar x5  
  156  20:29  High Templar x2  
  140  20:46  Archon  
  140  20:50  Stalker  
  140  20:51  Stalker x3  
  140  20:52  Probe  
  140  20:53  Probe x4  
  143  20:57  Archon x3  
  115  21:04  Probe  
  115  21:05  Probe  
  109  21:24  Probe x3  
  110  21:30  Probe x3  
  112  21:35  Stalker  
  112  21:36  Stalker x6  
  112  21:37  Stalker  
  122  22:16  Immortal x2, Pylon  
  130  22:30  Photon Cannon  
  124  22:42  Probe x3  
  124  22:43  Probe  
  128  22:57  Nexus  
  116  23:12  Stalker  
  116  23:13  Stalker x2  
  112  23:28  Immortal x2  
  120  23:38  Stalker x2  
  55  24:13  Immortal (Chrono Boost)  
  59  24:18  Immortal (Chrono Boost)  
  62  24:45  Nexus  
  61  25:07  Adept x5  
  63  25:08  Zealot  
Show
View Real Time Build Order
Export as new Build Order

DarthCaesar Terran - Winner!

Build Orders: Mech 

Get SALT Encoding   

  12  0:01  SCV  
  13  0:13  SCV  
  14  0:17  Supply Depot  
  14  0:25  SCV  
  15  0:39  SCV  
  15  0:40  Barracks  
  16  0:51  SCV  
  17  1:03  SCV  
  18  1:15  SCV  
  19  1:27  Orbital Command  
  19  1:28  Marine  
  20  1:35  Command Center  
  20  1:46  Supply Depot, Marine  
  21  1:54  SCV  
  21  1:57  Bunker  
  22  2:04  Marine  
  22  2:07  SCV  
  24  2:10  Refinery  
  24  2:11  Refinery  
  24  2:19  SCV  
  24  2:21  Marine  
  26  2:32  SCV  
  27  2:40  Marine  
  28  2:44  SCV  
  28  2:47  Orbital Command  
  29  2:56  SCV, Factory  
  30  3:02  Engineering Bay  
  30  3:04  Barracks Reactor  
  30  3:08  SCV  
  32  3:12  SCV  
  32  3:17  Supply Depot  
  32  3:20  SCV  
  32  3:24  SCV  
  34  3:33  SCV  
  34  3:34  Missile Turret  
  35  3:37  SCV, Missile Turret  
  35  3:40  Marine x2, Starport, Widow Mine  
  40  3:45  SCV  
  41  3:49  SCV  
  41  3:50  Supply Depot  
  42  3:57  SCV  
  42  3:58  Marine x2  
  42  4:01  SCV, Liberator  
  46  4:08  Widow Mine  
  46  4:09  SCV  
  49  4:13  SCV  
  49  4:16  Marine x2  
  52  4:21  SCV  
  52  4:22  Command Center, Armory  
  56  4:27  SCV  
  57  4:34  Marine x2  
  57  4:37  SCV, Bunker  
  60  4:39  SCV, Refinery  
  60  4:42  Factory Tech Lab  
  60  4:45  Refinery  
  61  4:46  Missile Turret  
  61  4:49  SCV  
  61  4:51  Supply Depot  
  62  4:55  Liberator  
  62  5:12  SCV x2, Marine x2  
  62  5:14  Supply Depot  
  69  5:24  SCV  
  70  5:33  Supply Depot, Marine x2  
  70  5:34  SCV, Orbital Command, Siege Tank, Supply Depot  
  76  5:36  SCV  
  76  5:40  Bunker  
  77  5:43  Terran Vehicle Weapons Level 1  
  77  5:44  Factory  
  77  5:45  Liberator  
  77  5:46  SCV, Factory  
  78  5:51  Marine x2  
  83  6:04  SCV  
  84  6:15  Siege Tank  
  84  6:17  Marine  
  84  6:18  SCV, Marine  
  90  6:20  Supply Depot  
  90  6:24  Supply Depot  
  90  6:26  Supply Depot  
  90  6:28  SCV  
  90  6:32  Factory Tech Lab, Factory Reactor  
  91  6:37  Orbital Command  
  91  6:50  Refinery  
  91  6:51  Refinery  
  91  6:54  Thor  
  91  6:56  Thor  
  91  6:58  SCV  
  104  7:04  SCV, Supply Depot x2  
  104  7:05  Supply Depot  
  105  7:21  SCV  
  106  7:25  Hellbat x2  
  108  7:46  Thor  
  108  7:47  Thor  
  108  7:48  Hellbat x2  
  124  7:56  Liberator  
  124  7:57  SCV, Liberator  
  125  8:12  Widow Mine x2  
  122  8:19  SCV  
  129  8:20  SCV  
  129  8:23  SCV  
  131  8:29  Cyclone  
  131  8:30  Command Center  
  131  8:31  SCV, Terran Vehicle Weapons Level 2  
  131  8:32  SCV  
  136  8:35  SCV  
  136  8:38  Supply Depot  
  141  8:41  Hellbat x2  
  141  8:44  SCV  
  115  9:02  Hellbat  
  101  9:19  Cyclone x2, Hellbat  
  101  9:24  Hellbat  
  102  9:25  Liberator x2  
  95  9:40  SCV  
  95  9:43  Hellbat  
  95  9:44  SCV  
  95  9:45  Hellbat  
  107  9:47  SCV  
  107  9:49  Factory  
  108  9:57  SCV x2  
  110  10:01  Cyclone  
  110  10:05  SCV  
  114  10:09  SCV  
  115  10:14  SCV  
  115  10:20  SCV  
  117  10:25  SCV  
  118  10:31  Hellbat x2  
  118  10:32  Cyclone  
  118  10:33  Factory Tech Lab, Unknown  
  125  10:35  Missile Turret  
  125  10:37  Fusion Core  
  125  10:38  Hellbat  
  127  10:47  SCV, Planetary Fortress  
  127  10:49  SCV  
  129  10:50  Refinery  
  129  10:52  SCV  
  129  10:56  Refinery  
  130  11:01  SCV x2  
  130  11:02  Hellbat  
  130  11:03  Cyclone  
  137  11:14  Cyclone  
  137  11:17  Hellbat x2  
  144  11:19  Terran Vehicle And Ship Armor Level 1  
  144  11:23  Hellbat  
  146  11:33  SCV  
  146  11:38  Hellbat  
  149  11:40  Unknown  
  149  11:42  Cyclone  
  149  11:45  Hellbat  
  154  11:48  SCV x2  
  154  11:49  SCV  
  157  11:54  Command Center  
  157  11:55  SCV  
  157  11:56  Command Center  
  157  11:59  Hellbat  
  157  12:00  SCV  
  161  12:03  Command Center  
  161  12:04  Command Center  
  161  12:08  Viking x2  
  165  12:18  Command Center  
  159  12:31  Cyclone x3  
  159  12:32  Hellbat x2  
  159  12:35  SCV  
  173  12:42  SCV  
  174  12:53  Hellbat  
  174  12:57  Hellbat  
  176  13:03  Thor  
  176  13:04  Hellbat  
  180  13:06  Thor  
  185  13:14  SCV  
  183  13:37  Thor  
  183  13:39  Hellbat x2  
  193  13:44  Terran Vehicle Weapons Level 3  
  193  13:45  Thor  
  193  13:46  Barracks Tech Lab  
  193  13:47  Starport  
  199  13:48  Planetary Fortress  
  199  13:53  Planetary Fortress  
  198  13:56  Refinery x2  
  198  14:01  Missile Turret  
  183  14:18  Hellbat x2  
  175  14:25  Siege Tank x2  
  175  14:29  Siege Tank  
  167  14:39  Hellbat  
  167  14:40  Hellbat  
  138  14:57  SCV, Siege Tank, Hellbat  
  139  15:00  SCV, Refinery  
  139  15:01  Hellbat x3  
  139  15:03  Missile Turret  
  146  15:12  SCV  
  147  15:16  SCV  
  147  15:19  Hellbat  
  150  15:22  SCV, Hellbat x3  
  157  15:31  Battlecruiser  
  157  15:32  Thor  
  157  15:35  SCV  
  170  15:40  Thor  
  176  15:44  Hellbat  
  178  15:50  Thor  
  184  16:02  SCV  
  184  16:03  Planetary Fortress  
  184  16:04  Planetary Fortress  
  185  16:07  SCV  
  185  16:10  Command Center  
  186  16:11  SCV  
  186  16:12  Command Center  
  186  16:14  SCV, Liberator x2  
  186  16:15  Command Center  
  191  16:35  SCV, Battlecruiser  
  198  16:41  Terran Vehicle And Ship Armor Level 2  
  198  16:59  SCV  
  199  17:02  Refinery  
  199  17:21  Liberator x2  
  171  17:34  Refinery  
  171  17:37  Thor x3  
  139  17:55  Orbital Command x2  
  139  17:57  SCV  
  132  18:01  Hellbat  
  132  18:02  Hellbat  
  128  18:10  SCV  
  128  18:12  SCV  
  127  18:13  Refinery  
  127  18:15  Liberator  
  127  18:19  Thor x2  
  116  18:32  Hellbat x3  
  123  18:49  SCV  
  123  18:50  Liberator  
  123  18:53  Cyclone, Hellbat x2  
  122  19:02  Cyclone  
  122  19:03  Cyclone  
  128  19:10  Refinery  
  128  19:14  Refinery, Hellbat  
  117  19:33  Orbital Command x2  
  106  19:43  Thor x2  
  118  19:47  Cyclone  
  118  19:48  Hellbat x2  
  125  20:03  SCV  
  126  20:09  Hellbat x2  
  127  20:19  SCV, Cyclone  
  127  20:20  SCV  
  129  20:21  SCV x3  
  129  20:24  SCV  
  129  20:26  Cyclone  
  129  20:27  Cyclone  
  138  20:31  SCV, Hellbat x2  
  138  20:32  SCV  
  133  20:39  SCV  
  133  20:40  SCV  
  95  20:51  Cyclone  
  95  20:52  Hellbat  
  99  20:58  Thor, Cyclone  
  104  21:09  SCV, Hellbat  
  96  21:13  Hellbat  
  96  21:17  SCV  
  97  21:18  SCV  
  97  21:21  SCV x2  
  97  21:23  Thor  
  97  21:25  Orbital Command, Liberator x2  
  91  21:30  Thor, Hellbat  
  99  21:35  Hellbat  
  100  21:41  Thor  
  112  21:49  SCV  
  109  21:57  Engineering Bay  
  98  22:18  Thor  
  98  22:19  Thor  
  103  22:39  SCV  
  101  23:03  Thor x2  
  109  23:17  Liberator  
  109  23:34  Thor  
  118  23:43  Hellbat  
  102  24:01  Hellbat  
  104  24:11  Thor  
  104  24:13  SCV  
  109  24:18  Hellbat  
  109  24:20  Liberator x2  
  117  24:40  Hellbat x2  
  117  24:41  Cyclone x2  
  117  24:43  SCV x2  
Tags
 
Add a new tag
Caveats
  • Supply blocks, unpowered buildings, or Contaminate may cause inaccurate times.
  • Supply counts are checked every 10 seconds.